 Dungeon Crawl Stone Soup version 0.30.1-11-g7821555f0a (webtiles) character file.

Game seed: 9803962022910940593

334 PaiMei the Grave Robber (level 6, -6/42 HPs)
             Began as a Demonspawn Necromancer on Jan 12, 2024.
             Succumbed to an orc wizard's poison
             ... on level 4 of the Dungeon.
             The game lasted 00:04:16 (3824 turns).

PaiMei the Grave Robber (Demonspawn Necromancer)    Turns: 3824, Time: 00:04:16

Health: -6/42      AC:  8    Str:  9    XL:     6   Next: 27%
Magic:  11/11      EV: 13    Int: 20    God:
Gold:   146        SH:  0    Dex: 18    Spells: 3/11 levels left

rFire   . . .        m - +4 flail of Floral Valiance {flame, Dex+5 Stlth+}
rCold   . . .        (no shield)
rNeg    . . .        a - +0 robe
rPois   .            n - +2 hat {Will+}
rElec   .            (no cloak)
rCorr   +            (no gloves)
SInv    .            (no boots)
Will    +....        f - amulet of regeneration
Stlth   ++++         c - +4 ring of protection
HPRegen 1.07/turn    k - ring of resist corrosion
MPRegen 0.24/turn

%: guardian spirit
@: lethally poisoned (-6 -> -27)
A: magic shield, magic regeneration, magic link, big brain 1
a: no special abilities


You were on level 4 of the Dungeon.
You visited 1 branch of the dungeon, and saw 4 of its levels.

You collected 146 gold pieces.

Inventory:

Hand Weapons
 m - the +4 flail of Floral Valiance (weapon) {flame, Dex+5 Stlth+}
   (You found it on level 3 of the Dungeon)

   Dex:       It affects your dexterity (+5).
   Stlth:     It makes you more stealthy.
Missiles
 d - a throwing net
Armour
 a - a +0 robe (worn)
 e - a +1 buckler of poison resistance
 l - a +2 ring mail of fire resistance
 n - a +2 hat of willpower (worn)
Jewellery
 c - a +4 ring of protection (left hand)
 f - an amulet of regeneration (around neck)
 k - a ring of resist corrosion (right hand)
Scrolls
 g - a scroll of fear {unknown}
 h - a scroll of enchant armour {unknown}
 j - a scroll of immolation {unknown}
 o - a scroll of amnesia {unknown}
Potions
 b - a potion of magic
 i - a potion of curing {unknown}


   Skills:
 + Level 0.9 Fighting
 + Level 3.3 Dodging
 - Level 3.3 Stealth
 + Level 3.4 Spellcasting
 + Level 5.6 Necromancy


You had 3 spell levels left.
You knew the following spells:

 Your Spells              Type           Power      Damage    Failure   Level
a - Necrotise             Necr           100%       1d9       1%          1
b - Vampiric Draining     Necr           26%        2d7       4%          3
c - Animate Dead          Necr           26%        N/A       13%         4

Your spell library contained the following spells:

 Spells                   Type           Power      Damage    Failure   Level
 Freeze                   Ice            12%        1d3       14%         1
 Blink                    Tloc           6%         N/A       21%         2
 Lesser Beckoning         Tloc           6%         N/A       21%         2
 Momentum Strike          Conj/Tloc      6%         3d8       21%         2
 Frozen Ramparts          Ice            6%         1d1       38%         3
 Hailstorm                Conj/Ice       3%         3d3       38%         3
 Agony                    Necr           26%        N/A       36%         5


Dungeon Overview and Level Annotations

Branches:
Dungeon (4/15)
 Temple: D:4-7

Altars:


Innate Abilities, Weirdness & Mutations

When hurt, damage is shared between your health and your magic reserves.
You regenerate magic rapidly.
When low on magic, you restore magic in place of health.
You have an unusually large brain. (Int +2)


Message History

You miss something.
You feel very sick. Something hits you.
You are more poisoned.
Something hits you.
You are more poisoned.
You barely miss something. You punch something.
You feel extremely sick. Something hits you but does no damage.
You closely miss something.
You feel very sick. Something hits you but does no damage.
You barely miss something.
You feel very sick. Something hits you but does no damage. Something hits you.
* * * LOW HITPOINT WARNING * * *
Casting: Necrotise (safe; 1% risk of failure)
Confirm with . or Enter, or press ? or * to list all spells.
You can't see any susceptible monsters within range! (Use Z to cast anyway.)
You miss something.
You feel very sick. Something hits you.
You are lethally poisoned!
Casting: Necrotise (safe; 1% risk of failure)
Confirm with . or Enter, or press ? or * to list all spells.
You can't see any susceptible monsters within range! (Use Z to cast anyway.)
You miss something.
* * * LOW HITPOINT WARNING * * *
You feel very sick. Something hits you but does no damage.
You are more poisoned.
Something hits you but does no damage.
You are more poisoned.
Casting: Necrotise (safe; 1% risk of failure)
Confirm with . or Enter, or press ? or * to list all spells.
You can't see any susceptible monsters within range! (Use Z to cast anyway.)
You thump something! You burn something.
Reactivating autopickup.
You feel a bit more experienced.
You die...

##.
...........)......##.#
....................##.#
.........########.##.#
.........##.....<.##.#
..........#.......##.#
..........#..........#
..........#......#.###
#.........#....[.#.#
#.....)...#.@....#.#
#.........#).)...#.#
###...#...#......#.#
#...#.....######.#
#...#..........#.#
#...#...#......#.#
.###...###.#......#.#
.......##.#......#.#
#.....##........#.#


There were no monsters in sight!

Vanquished Creatures
  Edmund (D:4)
  A black bear (D:4)
  An orc wizard (D:4)
  5 adders
  3 worms
  A dart slug (D:1)
  6 orcs
  3 endoplasms
  A giant cockroach (D:3)
  4 goblins
  5 hobgoblins
  6 jackals
  2 quokkas
  3 ball pythons
  A bat (D:3)
  3 frilled lizards
  9 kobolds
  8 rats
63 creatures vanquished.

Vanquished Creatures (collateral kills)
  A jackal (D:1)
  A bat (D:1)
  A kobold (D:1)
3 creatures vanquished.

Grand Total: 66 creatures vanquished

Notes
Turn   | Place    | Note
-------+----------+-------------------------------------------
     0 | D:1      | PaiMei the Demonspawn Necromancer began the quest for the
                  | Orb.
     0 | D:1      | Reached XP level 1. HP: 13/13 MP: 3/3
   380 | D:1      | Gained mutation: You regenerate magic rapidly. [demonic
                  | ancestry]
   380 | D:1      | Reached XP level 2. HP: 19/19 MP: 3/5
  1137 | D:2      | Gained mutation: You have an unusually large brain. (Int
                  | +2) [demonic ancestry]
  1137 | D:2      | Reached XP level 3. HP: 23/24 MP: 1/6
  1840 | D:3      | Gained mutation: When hurt, damage is shared between your
                  | health and your magic reserves. [demonic ancestry]
  1840 | D:3      | Reached XP level 4. HP: 30/30 MP: 4/7
  2179 | D:3      | Identified the +4 flail of Floral Valiance {flame, Dex+5
                  | Stlth+}
  2235 | D:3      | Reached skill level 5 in Necromancy
  3235 | D:4      | Noticed Edmund
  3298 | D:4      | Killed Edmund
  3299 | D:4      | Gained mutation: When low on magic, you restore magic in
                  | place of health. [demonic ancestry]
  3299 | D:4      | Reached XP level 5. HP: 17/35 MP: 2/9
  3524 | D:4      | Learned a level 3 spell: Vampiric Draining
  3529 | D:4      | Learned a level 4 spell: Animate Dead
  3571 | D:4      | Noticed a black bear
  3579 | D:4      | Killed a black bear
  3580 | D:4      | Reached XP level 6. HP: 41/42 MP: 1/11
  3823 | D:4      | HP: 2/42 [poisoned by an orc wizard]
  3824 | D:4      | Succumbed to an orc wizard's poison

Illustrated notes

Levels and vault maps discovered:
D:1:      tarquinn_simple_flora_water_a, layout_basic
D:2:      layout_loops_ring, hangedman_decor_growths
D:3:      layout_basic, grunt_decor_mini_mirrors, grunt_ministairs_14
D:4:      layout_basic, nicolae_qazlal_scattered_showers,
          nicolae_uskayaw_murder_on_the_dancefloor, lemuel_round_altar,
          chequers_serial_rivers_small_a, uniq_edmund

Skill      XL: |  1  2  3  4 |
---------------+-------------+-----
Stealth        | 2 3 |  3.3
Dodging        | 2 3 |  3.3
Necromancy     | 5 |  5.6
Spellcasting   | 3 |  3.4
Fighting       | |  0.9

Action                     |  1- 3 |  4- 6 || total
---------------------------+-------+-------++-------
  Melee: Unarmed           |    19 |       ||    19
         Flail             |       |    15 ||    15
         Punch             |       |     1 ||     1
   Cast: Necrotise         |    84 |    59 ||   143
         Vampiric Draining |       |     3 ||     3
 Armour: Robe              |    13 |    16 ||    29
  Dodge: Dodged            |    31 |    12 ||    43
